 Dungeon Crawl Stone Soup version 0.27-a0-972-gd1521fd518 (webtiles) character file.

Game seed: 12269087826329628828

34494 funkygono the Thaumaturge (level 13, -10/95 HPs)
             Began as a Grey Draconian Fire Elementalist on Apr 13, 2021.
             Was a High Priest of Vehumet.
             Mangled by a manticore (20 damage)
             ... on level 5 of the Lair of Beasts.
             The game lasted 01:05:02 (24108 turns).

funkygono the Thaumaturge (DrFE)                   Turns: 24108, Time: 01:05:02

Health: -10/95     AC: 20    Str: 13    XL:     13   Next: 42%
Magic:  24/28      EV: 13    Int: 22    God:    Vehumet [*****.]
Gold:   2660       SH:  4    Dex: 12    Spells: 8/35 levels left

rFire    . . .     SeeInvis +   I - +0 whip (freeze)
rCold    . . .     Faith    .   m - +0 buckler of the Wilderness {Int+4 SInv}
rNeg     . . .     Spirit   .   (armour unavailable)
rPois    +         Reflect  .   y - +1 hat
rElec    .         Harm     .   f - +1 cloak
rCorr    .         Rampage  .   j - +1 pair of gloves
Will     .....                  d - +1 pair of boots
Stlth    +++.......             x - amulet of regeneration
HPRegen  1.25/turn              n - ring "Tiggot" {Wiz Slay+3 Stlth+}
MPRegen  0.21/turn              F - ring of poison resistance

@: frozen, very slow
A: AC +13, unfitting armour, unbreathing 2, cold-blooded
a: Renounce Religion


You were on level 5 of the Lair of Beasts.
You worshipped Vehumet.
Vehumet was extremely pleased with you.
You visited 2 branches of the dungeon, and saw 16 of its levels.

You collected 2660 gold pieces.

Inventory:

Hand Weapons
 i - a +3 quarterstaff of chaos
 I - a +0 whip of freezing (weapon)
Missiles
 o - 388 stones
 w - 2 curare-tipped darts (quivered)
Armour
 d - a +1 pair of boots (worn)
 f - a +1 cloak (worn)
 j - a +1 pair of gloves (worn)
 m - the +0 buckler of the Wilderness (worn) {Int+4 SInv}
   (You found it on level 5 of the Lair of Beasts)

   It affects your intelligence (+4).
   It lets you see invisible.
 y - a +1 hat (worn)
Magical Staves
 H - a staff of conjuration
Jewellery
 n - the ring "Tiggot" (left hand) {Wiz Slay+3 Stlth+}
   (You found it on level 5 of the Dungeon)

   [ring of wizardry]

   It improves your spell success rate.
   It affects your accuracy and damage with ranged weapons and melee attacks
   (+3).
   It makes you more stealthy.
 v - the ring "Orasoac" {Ice rElec rCorr Int-2 Stlth+}
   (You found it on level 5 of the Lair of Beasts)

   [ring of ice]

   It enhances your ice magic.
   It affects your intelligence (-2).
   It makes you vulnerable to fire.
   It protects you from cold.
   It insulates you from electricity.
   It protects you from acid and corrosion.
   It makes you more stealthy.
 x - an amulet of regeneration (around neck)
 D - a ring of ice
 F - a ring of poison resistance (right hand)
Wands
 l - a wand of iceblast (21)
 t - a wand of flame (13)
 z - a wand of digging (18)
 E - a wand of charming (7)
Scrolls
 c - 3 scrolls of magic mapping
 g - 11 scrolls of teleportation
 h - 4 scrolls of fog
 q - 2 scrolls of amnesia
 A - 10 scrolls of identify
 C - 4 scrolls of blinking
Potions
 a - a potion of might
 b - 5 potions of attraction
 e - 3 potions of haste
 k - 6 potions of lignification
 r - 7 potions of curing
 s - 3 potions of resistance
 u - 2 potions of flight
 B - a potion of mutation


   Skills:
 + Level 3.5 Fighting
 + Level 1.1(3.0) Maces & Flails
 + Level 4.5(4.6) Staves
 + Level 5.1 Dodging
 - Level 1.7 Stealth
 * Level 1.9 Shields
 + Level 11.9 Spellcasting
 + Level 11.5 Conjurations
 + Level 0.1 Transmutations
 + Level 11.1 Fire Magic
 + Level 8.0 Earth Magic
 + Level 3.9 Poison Magic


You had 8 spell levels left.
You knew the following spells:

 Your Spells              Type           Power      Damage    Failure   Level
a - Foxfire               Conj/Fire      100%       2x1d9     1%          1
b - Conjure Flame         Conj/Fire      58%        6-21      1%          3
c - Sticky Flame          Conj/Fire      58%        2d7       1%          4
d - Fireball              Conj/Fire      29%        3d13      1%          5
e - Sting                 Tmut/Pois      84%        1d7       1%          1
f - Sandblast             Erth           96%        2d20      1%          1
g - Stone Arrow           Conj/Erth      100%       3d13      1%          3
h - Hailstorm             Conj/Ice       38%        3d9       1%          4
i - Lee's Rapid Deconstr  Erth           24%        3d14*     1%          5

Your spell library contained the following spells:

 Spells                   Type           Power      Damage    Failure   Level
 Lightning Bolt           Conj/Air       19%        1d33      1%          5
 Magic Dart               Conj           100%       1d8       1%          1
 Searing Ray              Conj           100%       3d7       1%          2
 Dazzling Flash           Conj/Hex       76%        N/A       1%          3
 Ignite Poison            Fire/Tmut/Pois 35%        N/A       1%          3
 Inner Flame              Hex/Fire       37%        N/A       1%          3
 Fulminant Prism          Conj/Hex       19%        3d11      1%          4
 Iskenderun's Mystic Bla  Conj/Tloc      38%        2d9       1%          4
 Starburst                Conj/Fire      29%        8x6d9     1%          6
 Animate Skeleton         Necr           26%        N/A       2%          1
 Apportation              Tloc           26%        N/A       2%          1
 Beastly Appendage        Tmut           26%        N/A       2%          1
 Corona                   Hex            14%        N/A       2%          1
 Summon Small Mammal      Summ           52%        N/A       2%          1
 Wereblood                Tmut           13%        N/A       3%          2
 Spider Form              Tmut/Pois      10%        N/A       3%          3
 Call Imp                 Summ           13%        N/A       4%          2
 Ensorcelled Hibernation  Hex/Ice        26%        N/A       4%          2
 Petrify                  Tmut/Erth      31%        N/A       4%          4
 Call Canine Familiar     Summ           13%        N/A       8%          3
 Summon Guardian Golem    Hex/Summ       13%        N/A       8%          3
 Borgnjor's Vile Clutch   Necr/Erth      15%        N/A       13%         5
 Ice Form                 Ice/Tmut       13%        N/A       24%         4
 Summon Ice Beast         Ice/Summ       13%        N/A       26%         4
 Summon Lightning Spire   Summ/Air       13%        N/A       26%         4
 Eringya's Noxious Bog    Tmut/Pois      10%        N/A       38%         6
 Ignition                 Fire           29%        3d9       38%         8
 Hydra Form               Tmut           6%         N/A       52%         5
 Silence                  Hex/Air        6%         N/A       54%         5
 Shadow Creatures         Summ           N/A        N/A       98%         6
 Animate Armour           Summ/Erth      Unusable   N/A       N/A         4

Dungeon Overview and Level Annotations

Branches:
Dungeon (10/15)            Temple (0/1) D:6            Lair (6/6) D:10
 Shoals (0/4) Lair:3       Spider (0/4) Lair:2          Orc (0/2) D:9
  Slime: Lair:5-6

Altars:
Ashenzari
Dithmenos
Elyvilon
Fedhas
Gozag
Kikubaaqudgha
Makhleb
Okawaru
Qazlal
Ru
Sif Muna
Trog
Uskayaw
Vehumet
Wu Jian
Xom

Shops:
D:3 (   D:7 =   D:8 :*?

Annotations:
D:7 2 transporters, funkygono's ghost, novice DrVM


Innate Abilities, Weirdness & Mutations

Your dull iron-grey scales are very hard. (AC +13)
You cannot fit into any form of body armour.
You can survive without breathing, even under water.
You are cold-blooded and may be slowed by cold attacks.


Message History

Aiming: Sticky Flame (safe; 1% risk of failure)
Press: ? - help, Shift-Dir - straight line, f - rime drake
Aim: a rime drake (moderately wounded, catching its breath, 0% to evade)
The sticky flame hits the rime drake!
The rime drake is heavily wounded.
The rime drake is covered in liquid flames!
The rime drake burns!
The manticore bites you!
* * * LOW HITPOINT WARNING * * *
The manticore claws you but does no damage. x2
The rime drake bites you but does no damage.
Casting: Sticky Flame (safe; 1% risk of failure)
Confirm with . or Enter, or press ? or * to list all spells.
You conjure some foxfire!
The ice encasing you melts away.
The rime drake burns!
The rime drake bites you.
* * * LOW HITPOINT WARNING * * *
You block the manticore's attack. The manticore claws you.
* * * LOW HITPOINT WARNING * * *
The manticore claws you.
* * * LOW HITPOINT WARNING * * *
You feel much better.
The rime drake burns!
The foxfire hits the manticore but does no damage.
The manticore is almost dead.
The foxfire hits the manticore.
The manticore is almost dead.
The rime drake breathes ice at you. The flash freeze hits you!
* * * LOW HITPOINT WARNING * * *
You are encased in ice.
The manticore barely misses you. The manticore claws you!
* * * LOW HITPOINT WARNING * * *
You block the manticore's attack.
The rime drake bites you but does no damage.
You completely miss the manticore.
The manticore is almost dead.
The rime drake burns!
You kill the rime drake!
Vehumet accepts your kill.
You feel your power returning. The manticore bites you!!
You die...

#######...##.# #...#÷###.#......
# ##..##### #....#..###...... #
##...## ###...P.#......## ##
#....P# #...........### .##
##...## #............##
..####...# ###### #.........?....
...##....# #.##.###..............
...##....###.....§....#.##.......
....#.P..#.##..†@...#.8.##.......
....#.#..........H#.#...###.##...
.................##.......###...#
..............#.#..........##P..#
.<.#.P...#....##..÷.............#
...##....)....##....#....#...##.#
..P##.........#...##..8.###......
..###.......÷#...###....#.#....#.
.................# #.....###...##


You could see a manticore.

Vanquished Creatures
  A boulder beetle (Lair:4)
  4 hydras
  A two-headed ogre (D:10)
  A sixfirhy (D:8)
  A sea snake (Lair:6)
  A lindwurm (Lair:4)
  7 oklob plants
  12 elephants
  Maurice (D:8)
  8 cane toads
  A torpor snail (Lair:1)
  2 rime drakes
  6 komodo dragons
  5 polar bears
  A troll (D:10)
  6 blink frogs
  6 dream sheep (Lair:5)
  A redback (Lair:2)
  A wraith (D:9)
  A shadow (D:10)
  2 wyverns
  46 yaks
  Menkaure (D:6)
  Edmund (D:6)
  An acid dragon (D:8)
  Duvessa (D:7)
  12 water moccasins
  An orc warrior (D:6)
  2 sky beasts
  2 black bears
  3 ogres
  3 wolves (Lair:3)
  A phantom (D:6)
  3 centaurs
  5 kobold brigands
  13 bullfrogs
  A gnoll sergeant (D:6)
  5 scorpions
  A water moccasin skeleton (D:4)
  Dowan (D:7)
  6 killer bees (D:8)
  6 wights
  2 centaur zombies (D:10)
  2 bullfrog zombies (D:6)
  5 hounds
  3 jellies
  2 orc priests
  6 gnoll shamans (D:7)
  Crazy Yiuf (D:3)
  Natasha (thrice) (D:3)
  2 bullfrog skeletons (D:6)
  2 iguanas
  8 orc wizards
  2 hound zombies
  18 gnolls
  A howler monkey skeleton (D:7)
  10 adders
  A shadow imp (D:6)
  An adder skeleton (D:4)
  2 worms
  3 dart slugs
  27 orcs
  5 endoplasms
  2 giant cockroaches
  5 goblins
  2 hobgoblins
  13 jackals
  6 quokkas
  6 ball pythons
  A bat (D:1)
  A frilled lizard (D:3)
  24 kobolds
  10 rats
360 creatures vanquished.

Vanquished Creatures (collateral kills)
  15 foxfires
15 creatures vanquished.

Vanquished Creatures (others)
  1440 foxfires
  25 fungi
  39 plants
  12 toadstools (Lair:1)
1516 creatures vanquished.

Grand Total: 1891 creatures vanquished

Notes
Turn   | Place    | Note
-------+----------+-------------------------------------------
     0 | D:1      | funkygono the Draconian Fire Elementalist began the quest
                  | for the Orb.
     0 | D:1      | Reached XP level 1. HP: 14/14 MP: 3/3
   113 | D:1      | Found a faded altar of an unknown god.
   404 | D:1      | Reached XP level 2. HP: 20/20 MP: 3/5
  1470 | D:2      | Reached XP level 3. HP: 26/26 MP: 1/6
  1474 | D:2      | Learned a level 3 spell: Conjure Flame
  1568 | D:2      | Found a hide-covered altar of Uskayaw.
  1581 | D:2      | Reached XP level 4. HP: 33/33 MP: 0/8
  2452 | D:2      | Learned a level 4 spell: Sticky Flame
  2639 | D:3      | Noticed Natasha
  2649 | D:3      | Killed Natasha
  2650 | D:3      | Reached XP level 5. HP: 37/38 MP: 3/9
  2914 | D:3      | Found a runed translucent door.
  2915 | D:3      | Noticed Crazy Yiuf
  2933 | D:3      | Killed Crazy Yiuf
  3293 | D:3      | Found an opulent altar of Gozag.
  3379 | D:3      | Found Hucugetz's Antique Weapon Shoppe.
  3446 | D:3      | Noticed Natasha
  3450 | D:3      | Killed Natasha
  3596 | D:3      | Found a bloodstained altar of Trog.
  3848 | D:3      | Noticed Natasha
  3854 | D:3      | Killed Natasha
  3855 | D:3      | Reached XP level 6. HP: 42/45 MP: 7/11
  3888 | D:3      | Identified 3 scrolls of acquirement
  3888 | D:3      | Acquired 663 gold pieces
  4034 | D:4      | Reached skill level 5 in Fire Magic
  4148 | D:4      | Your scales start taking on a dull iron-grey colour.
  4148 | D:4      | Reached XP level 7. HP: 31/51 MP: 5/13
  4148 | D:4      | Gained mutation: You can survive without breathing. [Grey
                  | Draconian growth]
  4148 | D:4      | Gained mutation: You can survive without breathing, even
                  | under water. [Grey Draconian growth]
  4782 | D:4      | Reached skill level 1 in Staves
  5181 | D:4      | Reached skill level 5 in Spellcasting
  5548 | D:4      | Acquired 882 gold pieces
  5549 | D:4      | Acquired the Collected Works on the Shifting Mountains
  5559 | D:4      | Learned a level 5 spell: Fireball
  5561 | D:4      | Learned a level 1 spell: Sting
  5563 | D:4      | Learned a level 1 spell: Sandblast
  5648 | D:5      | Entered Level 5 of the Dungeon
  5683 | D:5      | Found a radiant altar of Vehumet.
  5689 | D:5      | Became a worshipper of Vehumet
  5780 | D:5      | Found a shimmering altar of Xom.
  5782 | D:5      | Found a shimmering blue altar of Sif Muna.
  5782 | D:5      | Found a stormy altar of Qazlal.
  5784 | D:5      | Found an ornate altar of the Wu Jian Council.
  5784 | D:5      | Found an opulent altar of Gozag.
  5784 | D:5      | Found an iron altar of Okawaru.
  5896 | D:5      | Reached skill level 1 in Poison Magic
  5896 | D:5      | Reached XP level 8. HP: 58/58 MP: 7/15
  6031 | D:5      | Found a shadowy altar of Dithmenos.
  6579 | D:5      | Identified the ring "Tiggot" {Wiz Slay+3 Stlth+}
  6610 | D:5      | Found a blossoming altar of Fedhas.
  6917 | D:6      | Noticed Menkaure
  6924 | D:6      | Killed Menkaure
  6925 | D:6      | Reached skill level 5 in Conjurations
  6925 | D:6      | Reached skill level 1 in Earth Magic
  7501 | D:6      | Noticed Edmund
  7515 | D:6      | Killed Edmund
  7833 | D:6      | Reached skill level 1 in Fighting
  7994 | D:6      | You fall into a shaft and drop 1 floor!
  8187 | D:6      | Found a staircase to the Ecumenical Temple.
  8262 | D:6      | Noticed a troll
  8520 | D:6      | Learned a level 3 spell: Stone Arrow
  8646 | D:7      | Reached XP level 9. HP: 47/64 MP: 11/18
  8780 | D:7      | Found Iciole's Jewellery Shoppe.
  8808 | D:7      | Reached * piety under Vehumet
  8808 | D:7      | Offered knowledge of Shock by Vehumet.
  9120 | D:7      | Found a sacrificial altar of Ru.
  9129 | D:7      | Found a shimmering blue altar of Sif Muna.
  9161 | D:7      | Noticed Duvessa
  9165 | D:7      | Noticed Dowan
  9171 | D:7      | Killed Dowan
  9174 | D:7      | Killed Duvessa
  9311 | D:7      | Found a transporter.
  9313 | D:7      | Found a transporter.
  9314 | D:7      | Identified the +5 great mace of Dithmenos's Anger {vorpal,
                  | Dex+2 SInv}
  9314 | D:7      | Identified the +8 dire flail of Quadouj {drain, +Rage rCorr
                  | Str+3}
  9314 | D:7      | Noticed a two-headed ogre
  9314 | D:7      | Noticed funkygono's ghost (novice DrVM)
 10577 | D:7      | Found a broken altar of Ashenzari.
 11445 | D:8      | Found Cufua's Magic Scroll Shop.
 11452 | D:8      | Reached ** piety under Vehumet
 11452 | D:8      | Offered knowledge of Magic Dart by Vehumet.
 11751 | D:8      | Noticed an eight-headed hydra
 11764 | D:8      | Killed an eight-headed hydra
 11764 | D:8      | Offered knowledge of Mephitic Cloud by Vehumet.
 11765 | D:8      | Reached XP level 10. HP: 52/71 MP: 15/21
 11915 | D:8      | Upgraded the game from 0.27-a0-965-gbf8bb431c4 to
                  | 0.27-a0-972-gd1521fd518
 12065 | D:8      | Found a runed translucent door.
 12067 | D:8      | Found a burning altar of Makhleb.
 12067 | D:8      | Noticed a sixfirhy
 12142 | D:8      | Killed a sixfirhy
 12456 | D:8      | Found Layr's Book Shoppe.
 12902 | D:8      | Noticed Maurice
 12914 | D:8      | Killed Maurice
 13018 | D:8      | Found Jereapu's Assorted Antiques.
 13185 | D:9      | Reached *** piety under Vehumet
 13350 | D:9      | Found an ancient bone altar of Kikubaaqudgha.
 13664 | D:9      | Found a staircase to the Orcish Mines.
 13868 | D:10     | Entered Level 10 of the Dungeon
 13913 | D:10     | Found a white marble altar of Elyvilon.
 13995 | D:10     | Found a staircase to the Lair.
 14750 | D:10     | Noticed a two-headed ogre
 14771 | D:10     | Killed a two-headed ogre
 14772 | D:10     | Reached XP level 11. HP: 47/78 MP: 9/23
 15251 | Lair:1   | Entered Level 1 of the Lair of Beasts
 15296 | Lair:1   | Offered knowledge of Hailstorm by Vehumet.
 15944 | Lair:1   | Found a blossoming altar of Fedhas.
 15968 | Lair:1   | Noticed an oklob plant
 15990 | Lair:1   | Killed an oklob plant
 15991 | Lair:1   | Reached skill level 5 in Earth Magic
 16218 | Lair:1   | Learned a level 4 spell: Hailstorm
 16760 | Lair:2   | Identified the +1 shortbow of Qazlal's Wrath {flame,
                  | *Corrode +Blink rElec Int+4}
 17285 | Lair:2   | Found a hole to the Spider Nest.
 17571 | Lair:2   | Reached skill level 10 in Fire Magic
 17891 | Lair:3   | Noticed an eight-headed hydra
 18017 | Lair:3   | Found a blossoming altar of Fedhas.
 18020 | Lair:3   | Noticed an oklob plant
 18025 | Lair:3   | Killed an oklob plant
 18026 | Lair:3   | Reached skill level 10 in Spellcasting
 18079 | Lair:3   | Noticed an oklob plant
 18083 | Lair:3   | Killed an oklob plant
 18083 | Lair:3   | Reached **** piety under Vehumet
 18200 | Lair:3   | Killed an eight-headed hydra
 18393 | Lair:3   | Offered knowledge of Lee's Rapid Deconstruction by Vehumet.
 18441 | Lair:3   | Reached XP level 12. HP: 85/85 MP: 19/26
 18686 | Lair:3   | Reached skill level 10 in Conjurations
 19246 | Lair:3   | Found a staircase to the Shoals.
 19573 | Lair:3   | Learned a level 5 spell: Lee's Rapid Deconstruction
 21144 | Lair:4   | Noticed a boulder beetle
 21163 | Lair:4   | Killed a boulder beetle
 21746 | Lair:5   | Noticed a four-headed hydra
 21754 | Lair:5   | Killed a four-headed hydra
 22017 | Lair:5   | Identified the +0 buckler of the Wilderness {Int+4 SInv}
 22067 | Lair:5   | Identified the ring "Orasoac" {Ice rElec rCorr Int-2
                  | Stlth+}
 22105 | Lair:5   | Reached XP level 13. HP: 94/94 MP: 20/28
 22717 | Lair:5   | Reached ***** piety under Vehumet
 22936 | Lair:5   | Offered knowledge of Lightning Bolt by Vehumet.
 23095 | Lair:5   | Identified the +1 leather armour "Pyrpho" {Harm SInv}
 23623 | Lair:6   | Entered Level 6 of the Lair of Beasts
 23717 | Lair:5   | Reached skill level 1 in Shields
 23832 | Lair:6   | Reached skill level 5 in Dodging
 24083 | Lair:6   | Reached skill level 1 in Maces & Flails
 24108 | Lair:5   | Mangled by a manticore

Illustrated notes

Levels and vault maps discovered:
D:1:      dpeg_arrival_erosion, layout_loops_corners,
          hellmonk_ecumenical_altar_slurped_away, chequers_serial_rivers_large_a
D:2:      layout_basic, basic_altar
D:3:      layout_rooms, general_overflow_altar, grunt_gozag_breadcrumbs,
          serial_shops, shop, uniq_crazy_yiuf_cottage, uniq_natasha
D:4:      layout_loops_cross, minmay_fractal_squares_diagonal_5
D:5:      layout_loops_corners, lemuel_tele_altar, doesnt_xom_only_xom,
          old_standard_altar, grunt_dithmenos_smoke_and_mirrors,
          grunt_decor_mini_mirrors
D:6:      minmay_clustersquares, layout_basic, minmay_temple_entry_trees,
          uniq_menkaure, uniq_edmund
D:7:      kennysheep_seaside_town, layout_basic, nicolae_ru_path_of_blood,
          led_sif_pool, ashenzari_conservatory_becter, serial_shops,
          nicolae_shop_statue_plus, gammafunk_ghost_smash, uniq_duvessa
D:8:      layout_rooms, nzn_makhleb_speed_demon, serial_shops, shop,
          nicolae_shop_temple_entry_statues_fountains, shop, nrook_campfire,
          uniq_maurice
D:9:      layout_gridville, kiku_gazebo_garden_becter, orc_0_dummy
D:10:     layout_loops_ring, nicolae_elyvilon_peaceful_grove, lair_entry_dummy
Lair:1:   layout_long_grid, tgw_fedhas
Lair:2:   layout_loops_ring, spider_nest_entry_rubble
Lair:3:   layout_layer_cave, shoals_dummy_entry, hangedman_tree_tricks
Lair:4:   layout_cave_pods, serial_rivers, chequers_serial_rivers_small_3,
          chequers_serial_rivers_micro_e, chequers_serial_rivers_room_a,
          chequers_serial_rivers_marsh
Lair:5:   layout_gridlike, grunt_megastairs_5, minmay_lair_oklob_chamber
Lair:6:   gammafunk_lair_ancient_temple, layout_misc_corridors, slime_altar_1,
          dpeg_oklob_1, lemuel_fruit_tree, lemuel_fruit_fields

Skill      XL: |  1  2  3  4  5  6  7  8  9 10 11 12 13 |
---------------+----------------------------------------+-----
Dodging        | 2 3 4 5 |  5.1
Fire Magic     | 4 5 6 7 9 10 11 | 11.1
Conjurations   | 2 3 4 5 7 8 9 11 | 11.5
Spellcasting   | 3 4 5 6 7 8 10 11 | 11.9
Staves         | 1 2 3 4 |  4.5
Poison Magic   | 1 3 |  3.9
Earth Magic    | 2 4 6 7 8 |  8.0
Fighting       | 1 2 3 |  3.5
Shields        | 1 |  1.9
Maces & Flails | 1 |  1.1
Stealth        | |  1.7
Transmutations | |  0.1

Action                   |  1- 3 |  4- 6 |  7- 9 | 10-12 | 13-15 || total
-------------------------+-------+-------+-------+-------+-------++-------
Melee: Quarterstaff      |       |    14 |    42 |    63 |    21 ||   140
       Tailslap          |       |     2 |     3 |     9 |     8 ||    22
       Whip              |       |       |       |       |    39 ||    39
 Cast: Foxfire           |    51 |   115 |   319 |   323 |    43 ||   851
       Sandblast         |       |       |    10 |     9 |       ||    19
       Sting             |       |       |     9 |       |       ||     9
       Sticky Flame      |       |       |    20 |    79 |    26 ||   125
       Conjure Flame     |       |       |     5 |    14 |       ||    19
       Fireball          |       |       |     8 |     1 |       ||     9
       Stone Arrow       |       |       |       |    90 |    46 ||   136
       Lee's Rapid Decon |       |       |       |     4 |       ||     4
       Hailstorm         |       |       |       |     1 |       ||     1
  Use: Scroll            |     3 |     5 |    10 |     9 |       ||    27
       Potion            |       |       |     1 |     2 |     3 ||     6
 Stab: Petrified         |       |       |       |       |     2 ||     2
Armor: Skin              |    21 |     9 |    65 |   147 |    99 ||   341
Dodge: Dodged            |    28 |    20 |   110 |   186 |    92 ||   436
Block: Buckler           |       |       |       |       |    22 ||    22

Table legend: (Time is in decaauts)
 A = Elapsed time spent in this place.
 B = Non-inter-level travel time spent in this place.
 C = Inter-level travel time spent in this place.
 D = Time resting spent in this place.
 E = Time spent auto-exploring this place.
 F = Levels seen in this place.
 G = Mean time per level.
                   A        B        C        D        E       F      G
               +--------+--------+--------+--------+--------+-----+--------+
         Total |  24189 |  22830 |   1359 |    909 |  18183 |  16 | 1511.8 |
       Dungeon |  15530 |  14682 |    848 |    521 |  11917 |  10 | 1553.0 |
          Lair |   8659 |   8148 |    511 |    388 |   6266 |   6 | 1443.2 |
               +--------+--------+--------+--------+--------+-----+--------+

Top non-repeatable levels by time:
  Lair:3: 2373 daAuts
     D:7: 2220 daAuts
  Lair:5: 2161 daAuts
     D:6: 1949 daAuts
     D:8: 1909 daAuts
     D:4: 1761 daAuts
     D:1: 1574 daAuts
  Lair:2: 1554 daAuts
     D:3: 1505 daAuts
    D:10: 1457 daAuts
  Lair:4: 1392 daAuts
     D:5: 1267 daAuts
  Lair:1: 1113 daAuts
     D:2: 1072 daAuts
     D:9: 812 daAuts
